 Dungeon Crawl Stone Soup version 0.24.0-41-g2ae2f7f1be (webtiles) character file.

Game seed: 784013895325682941, levelgen mode: deterministic

245 lepoulpe303 the Magician (level 5, -2/28 HPs)
             Began as a Deep Elf Fire Elementalist on Dec 8, 2019.
             Engulfed by a cloud of flame (5 damage)
             ... on level 4 of the Dungeon on Dec 9, 2019.
             The game lasted 00:25:00 (4167 turns).

lepoulpe303 the Magician (DEFE)                     Turns: 4167, Time: 00:25:01

Health: -2/28      AC:  2    Str:  5    XL:     5   Next: 83%
Magic:  6/14       EV: 14    Int: 21    God:
Gold:   199        SH:  0    Dex: 15    Spells: 4/13 levels left

rFire    + + .     SeeInvis .   i - +0 short sword
rCold    . . .     Gourm    .   (no shield)
rNeg     . . .     Faith    .   a - +0 robe
rPois    .         Spirit   .   (no helmet)
rElec    .         Reflect  +   (no cloak)
rCorr    .         Harm     .   (no gloves)
MR       .....                  (no boots)
Stlth    +.........             u - +6 amulet of reflection
HPRegen  0.09/turn              n - ring of protection from fire
MPRegen  0.14/turn              F - ring of protection from fire

@: confused
A: no striking features
a: no special abilities


You were on level 4 of the Dungeon.
You were completely stuffed.

You visited 1 branch of the dungeon, and saw 4 of its levels.

You collected 199 gold pieces.

Inventory:

Hand Weapons
 i - a +0 short sword (weapon)
Missiles
 l - a throwing net {=f}
Armour
 a - a +0 robe (worn)
Jewellery
 n - a ring of protection from fire (left hand)
 q - an uncursed amulet of the gourmand
 u - a +6 amulet of reflection (around neck)
 F - a ring of protection from fire (right hand)
 N - an uncursed ring of positive energy {rN+}
Wands
 o - a wand of enslavement (7)
Scrolls
 c - 2 scrolls of fog {unknown}
 f - a scroll of noise {!r}
 h - a scroll of enchant armour {unknown}
 m - a scroll of amnesia {unknown}
 r - a scroll of identify {unknown}
 t - 2 scrolls of teleportation
Potions
 b - a potion of magic {unknown}
 d - 2 potions of degeneration {unknown}
 g - a potion of agility {unknown}
 j - a potion of resistance {unknown}
 k - a potion of invisibility {unknown}
 p - a potion of flight {unknown}
Comestibles
 e - 5 rations
 s - 2 chunks of flesh


   Skills:
 + Level 3.6 Dodging
 - Level 2.4 Stealth
 * Level 4.9 Spellcasting
 * Level 3.3 Conjurations
 + Level 1.0 Hexes
 * Level 4.7 Fire Magic


You had 4 spell levels left.
You knew the following spells:

 Your Spells              Type           Power        Failure   Level  Hunger
a - Flame Tongue          Conj/Fire      ###..        1%          1    None
b - Inner Flame           Hex/Fire       ###.....     10%         3    ##.....
c - Conjure Flame         Conj/Fire      ###.....     6%          3    ##.....
x - Throw Flame           Conj/Fire      ###...       3%          2    None

Your spell library contained the following spells:

 Spells                   Type           Power        Failure   Level  Hunger
 Sticky Flame             Conj/Fire      ###.....     21%         4    ####...
 Fireball                 Conj/Fire      ###.......   50%         5    #####..


Dungeon Overview and Level Annotations

Branches:
Dungeon (4/15)
 Temple: D:4-7

Altars:
Zin


Message History

Aim: an orc, wielding a +0 hand axe (chance to defeat MR: 85%)
The orc is filled with an inner flame.
The orc closely misses you.
You now have 7/14 mp.
Aim: an orc, wielding a +0 hand axe (inner flame)
The flame tongue hits the orc!
The orc explodes!
The fiery explosion engulfs you! You resist.
You are engulfed in blazing flames.
You resist.
* * * LOW HITPOINT WARNING * * *
You take 17 damage, and have 11/28 hp.
MASSIVE DAMAGE!!
You now have 6/14 mp.
You are engulfed in blazing flames.
You resist.
* * * LOW HITPOINT WARNING * * *
The orc wizard gestures at you while chanting.
You are confused.
In your confused state, you trip and fall back down the stairs.
* * * LOW HITPOINT WARNING * * *
You are engulfed in blazing flames.
You resist.
You die...

.# .#
#####.####
#........#
#%......%#
#........###
####.§§§......#
..oo.%§@.†.....
..o#####....!##
.#....# .# ...#
.# ..# .# .. )#
# .#


You could see 2 orc wizards and an orc.

Levels and vault maps discovered:
D:1:      scummos_arrival_checkerplants, layout_basic,
          minmay_misc_feat_secret_circle, serial_bayou_ford_a
D:2:      layout_basic, minmay_quadrilaterals
D:3:      layout_rooms, nicolae_overflow_hidden_temple, uniq_jessica
D:4:      layout_rooms

Notes
Turn   | Place    | Note
-------+----------+-------------------------------------------
     0 | D:1      | lepoulpe303 the Deep Elf Fire Elementalist began the quest
                  | for the Orb.
     0 | D:1      | Reached XP level 1. HP: 10/10 MP: 6/6
   115 | D:1      | Identified a +0 club
   115 | D:1      | Identified an uncursed ring of protection from fire
   143 | D:1      | Reached XP level 2. HP: 13/15 MP: 2/8
   277 | D:1      | Identified 2 scrolls of noise
   342 | D:1      | Learned a level 2 spell: Throw Flame
   752 | D:1      | Reached XP level 3. HP: 19/19 MP: 7/10
   757 | D:1      | Learned a level 3 spell: Conjure Flame
   825 | D:1      | Reached skill level 2 in Conjurations
   927 | D:1      | Identified a +0 club
  1165 | D:2      | Learned a level 3 spell: Inner Flame
  1174 | D:2      | Identified 2 scrolls of teleportation
  1180 | D:2      | Identified 2 scrolls of remove curse
  1181 | D:2      | Identified a ring of positive energy (You found it on level
                  | 1 of the Dungeon)
  1182 | D:2      | Identified a ring of strength (You found it on level 1 of
                  | the Dungeon)
  1197 | D:2      | Identified a +0 club
  1431 | D:2      | Reached skill level 3 in Dodging
  1431 | D:2      | Reached skill level 4 in Fire Magic
  1579 | D:2      | Identified a +0 short sword
  1873 | D:2      | Identified a +0 club
  1874 | D:2      | Reached skill level 4 in Spellcasting
  1874 | D:2      | Reached XP level 4. HP: 24/24 MP: 9/12
  1875 | D:2      | Upgraded the game from 0.24.0-37-gcf1ca852f1 to
                  | 0.24.0-41-g2ae2f7f1be
  1928 | D:2      | Identified a +0 club
  2454 | D:3      | Identified a +0 dagger
  2455 | D:3      | Identified a +0 dagger
  2488 | D:3      | Identified a +0 dagger
  2488 | D:3      | Identified a +0 robe
  2489 | D:3      | Identified a +0 trident
  2489 | D:3      | Identified a +0 scale mail
  2491 | D:3      | Identified a +0 flail
  2506 | D:3      | Identified a +0 club
  2516 | D:3      | Found a glowing silver altar of Zin.
  2522 | D:3      | Identified a +0 club
  2522 | D:3      | Identified an uncursed amulet of the gourmand
  2842 | D:3      | Reached XP level 5. HP: 28/28 MP: 6/13
  3164 | D:3      | Identified a +0 mace
  3208 | D:3      | Reached skill level 3 in Conjurations
  3220 | D:3      | Identified a cursed -1 dagger
  3411 | D:3      | Identified a +0 spear
  3425 | D:3      | Identified a +0 club
  3425 | D:3      | Identified a +0 hunting sling
  3474 | D:3      | Identified a +0 spear
  3478 | D:3      | Identified a +0 spear
  3478 | D:3      | Identified a +6 amulet of reflection
  3482 | D:3      | Identified a +0 club
  3592 | D:3      | Identified a +0 club
  3756 | D:3      | Reached skill level 1 in Hexes
  3786 | D:3      | Identified a +0 club
  3786 | D:3      | Identified a +0 short sword
  3880 | D:3      | Identified a cursed -3 hand axe
  3882 | D:3      | Identified a +0 flail
  3882 | D:3      | Identified a +0 scale mail
  4161 | D:4      | Identified a +0 dagger
  4161 | D:4      | Identified a +0 robe
  4161 | D:4      | Identified a +0 flail
  4161 | D:4      | Identified a +0 hand axe
  4162 | D:4      | Identified a +0 dagger
  4162 | D:4      | Identified a +0 robe
  4166 | D:4      | HP: 4/28 [cloud of flame (7)]
  4167 | D:4      | Engulfed by a cloud of flame

Table legend:
 A = Turns spent in this place as a percentage of turns spent in the entire game.
 B = Non-inter-level travel turns spent in this place as a percentage of non-inter-level travel turns spent in the entire game.
 C = Inter-level travel turns spent in this place as a percentage of turns spent in this place.
 D = Turns resting spent in this place as a percentage of non-inter-level travel turns spent in this place.
 E = Turns spent auto-exploring this place as a percentage of non-inter-level travel turns spent in this place.
 F = Non-inter-level travel turns spent in this place divided by the number of levels of this place that you've seen.
                   A       B       C       D       E      F
               +-------+-------+-------+-------+-------+----------------------
         Total | 100.0 | 100.0 |   4.0 |  50.2 |  33.0 | 1000.2
       Dungeon | 100.0 | 100.0 |   4.0 |  50.2 |  33.0 | 1000.2
               +-------+-------+-------+-------+-------+----------------------

Table legend:
 A = Kills in this place as a percentage of kills in entire the game.
 B = Kills by you in this place as a percentage of kills by you in the entire game.
 C = Kills by friends in this place as a percentage of kills by friends in the entire game.
 D = Other kills in this place as a percentage of other kills in the entire game.
 E = Experience gained in this place as a percentage of experience gained in the entire game.
 F = Experience gained in this place divided by the number of levels of this place that you have seen.
                   A       B       C       D       E      F
               +-------+-------+-------+-------+-------+----------------------
         Total | 100.0 | 100.0 |   N/A |   N/A | 100.0 |  87.5
       Dungeon | 100.0 | 100.0 |   N/A |   N/A | 100.0 |  87.5
               +-------+-------+-------+-------+-------+----------------------

Skill      XL: |  1  2  3  4  5 |
---------------+----------------+-----
Conjurations   | 2 3 |  3.3
Dodging        | 3 |  3.6
Fire Magic     | 4 |  4.7
Spellcasting   | 4 |  4.9
Hexes          | 1 |  1.0
Stealth        | |  2.4

Action                   |  1- 3 |  4- 6 || total
-------------------------+-------+-------++-------
Melee: Short sword       |     2 |     9 ||    11
 Cast: Flame Tongue      |    51 |    53 ||   104
       Throw Flame       |    23 |    52 ||    75
       Inner Flame       |       |     4 ||     4
  Use: Scroll            |     4 |       ||     4
  Eat: Chunk             |     3 |    19 ||    22
Armor: Robe              |     2 |     6 ||     8
Dodge: Dodged            |    12 |    28 ||    40

Vanquished Creatures
  An orc wizard (D:3)
  6 adders
  5 gnolls
  An ooze (D:3)
  2 worms (D:2)
  A dart slug (D:1)
  6 leopard geckos
  10 orcs
  7 giant cockroaches
  6 goblins
  8 hobgoblins
  8 jackals
  3 quokkas (D:2)
  2 ball pythons
  8 bats
  2 frilled lizards
  4 kobolds
  9 rats
89 creatures vanquished.
